 Dungeon Crawl Stone Soup version 0.29.0-5-ge4962eb29e (webtiles) character file.

Game seed: 5190636534237535928

718 Ge0ff the Cutter (level 7, -2/57 HPs)
             Began as a Ghoul Fire Elementalist on Aug 29, 2022.
             Was a Follower of Uskayaw.
             Slain by a gnoll
             ... wielding a +0 flail
             ... led by a gnoll bouda
              (6 damage)
             ... on level 5 of the Dungeon.
             The game lasted 00:11:43 (5029 turns).

Ge0ff the Cutter (Ghoul Fire Elementalist)          Turns: 5029, Time: 00:11:43

Health: -2/57      AC:  6    Str: 17    XL:     7   Next: 70%
Magic:  9/9        EV: 10    Int: 12    God:    Uskayaw [*.....]
Gold:   238        SH:  0    Dex:  9    Spells: 7/10 levels left

rFire   . . .      SeeInvis .   a - +7 whip of the Horn {vamp, *Noise rPois rC+ Str+5}
rCold   + + .      Faith    .   (no shield)
rNeg    + + +      Spirit   .   T - +1 ring mail
rPois   ∞          Reflect  .   (no helmet)
rElec   .          Harm     .   (no cloak)
rCorr   .          Rampage  .   (no gloves)
Will    .....                   (no boots)
Stlth   ..........              (no amulet)
HPRegen 0.00/turn               R - ring of wizardry
MPRegen 0.11/turn               P - ring of flight

@: confused, ambrosia-drunk, flying, inhibited regen
A: claws 1, cold resistance 1, negative energy resistance 3, inhibited
regeneration, torment resistance 2, devour on kill
a: Renounce Religion, Stomp


You were on level 5 of the Dungeon.
You worshipped Uskayaw.
Uskayaw was noncommittal.
You visited 1 branch of the dungeon, and saw 5 of its levels.

You collected 238 gold pieces.

Inventory:

Hand Weapons
 a - the +7 whip of the Horn (weapon) {vamp, *Noise rPois rC+ Str+5}
   (You found it on level 2 of the Dungeon)

   It occasionally heals its wielder for a portion of the damage dealt when it
   wounds a living foe.
   Str:       It affects your strength (+5).
   rC:        It protects you from cold.
   rPois:     It protects you from poison.
   *Noise:    It may make noises in combat.
 b - the +7 short sword of Megalomania {flame, rN+}
   (You found it on level 2 of the Dungeon)

   It burns those it strikes, dealing additional fire damage.
   rN:        It protects you from negative energy.
 w - a +6 dagger of venom
Missiles
 O - 55 stones
 X - 5 boomerangs
Armour
 T - a +1 ring mail (worn)
 Y - a +0 chain mail
Jewellery
 P - a ring of flight (right claw)
 R - a ring of wizardry (left claw)
Scrolls
 F - a scroll of fog
 V - a scroll of vulnerability
Potions
 q - 4 potions of curing
 z - a potion of brilliance
 H - a potion of haste {!q}
 K - a potion of magic {!q}
 W - a potion of heal wounds {!q}


   Skills:
 - Level 3.0 Fighting
 + Level 5.8 Short Blades
 - Level 1.0 Maces & Flails
 - Level 1.7 Dodging
 - Level 2.1 Stealth
 - Level 2.0 Spellcasting
 - Level 2.0 Conjurations
 - Level 3.0 Fire Magic
 + Level 1.1 Invocations


You had 7 spell levels left.
You knew the following spells:

 Your Spells              Type           Power      Damage    Failure   Level
s - Foxfire               Conj/Fire      28%        2x1d5     8%          1
C - Scorch                Fire           16%        2d5       9%          2

Your spell library contained the following spells:

 Spells                   Type           Power      Damage    Failure   Level
 Magic Dart               Conj           24%        1d4       9%          1
 Conjure Flame            Conj/Fire      7%         6-21      21%         3
 Call Imp                 Summ           1%         N/A       28%         2
 Inner Flame              Hex/Fire       4%         N/A       32%         3
 Mephitic Cloud           Conj/Pois/Air  2%         N/A       41%         3
 Flame Wave               Conj/Fire      7%         2d5       54%         4


Dungeon Overview and Level Annotations

Branches:
Dungeon (5/15) Zot: 24979  Temple (0/1) D:4

Altars:
Ashenzari
Hepliaklqana
Makhleb
Trog
Uskayaw

Annotations:
D:4 Duvessa


Innate Abilities, Weirdness & Mutations

You are immune to poison.
You have sharp fingernails.
Your flesh is cold resistant. (rC+)
You are immune to negative energy. (rN+++)
You do not regenerate when monsters are visible.
You are immune to unholy pain and torment.
You thrive by killing the living.


Message History

Z - a fizzy golden potion
Found a dagger.
You see here a +0 dagger. 3 gnolls come into view.
The gnoll shouts! x2
The gnoll moves out of view.
A gnoll bouda comes into view. It is wielding a +0 whip.
The gnoll bouda shouts!
The gnoll shouts!
You hit the gnoll but do no damage. The gnoll hits you with a +0 club.
You hit the gnoll.
You feel better.
The gnoll is heavily wounded.
The gnoll hits you with a +0 club. x2
You closely miss the gnoll.
The gnoll is heavily wounded.
The gnoll hits you with a +0 club.
The gnoll bouda gazes fiercely through you!
You feel your attacks grow feeble.
You closely miss the gnoll.
The gnoll is heavily wounded.
You hit the gnoll.
The gnoll is almost dead.
The gnoll hits you but does no damage.
The gnoll hits you from afar with a +0 halberd!
The gnoll bouda closely misses you.
You hit the gnoll.
You feel better.
You kill the gnoll!
Your attacks no longer feel as feeble.
The gnoll barely misses you.
The gnoll bouda hits you with a +0 whip!
The gnoll bouda barks out a call to the hunt!
You hear a shout!
A gnoll comes into view. It is wielding a +0 halberd.
The gnoll shouts!
The gnoll hits you with a +0 halberd!
* * * LOW HITPOINT WARNING * * *
You barely miss the gnoll. The gnoll barely misses you.
The gnoll completely misses you.
Really quaff
W - 2 potions of heal wounds {!q}?
You feel much better. The gnoll hits you with a +0 halberd!
The gnoll hits you with a +0 flail!
* * * LOW HITPOINT WARNING * * *
It was a potion of ambrosia.
You are confused.
You feel invigorated.
The gnoll bouda barks out a call to the hunt!
The gnoll picks up the pace!
The gnoll hits you with a +0 halberd!
* * * LOW HITPOINT WARNING * * *
The gnoll hits you with a +0 flail.
You die...

######### ##
........# ..
###)#######.#
#....g......#
#.####.#.#.##.####
#......#.#g.#g####
#####..#.#..#.g@.#
######..#.##.####g#
......#.#.# g# .#
........#.# .# .#
#.....#.#.# g# .#
#.#.....#.# .#
#....†....#### ##
#.###.#.#....#
.....<.!#.##.#


You could see a gnoll bouda and 2 gnolls.

Vanquished Creatures
  A water moccasin (D:4)
  A black bear (D:4)
  A bullfrog (D:4)
  2 scorpions
  Dowan (D:4)
  A jelly (D:5)
  4 orc wizards (D:3)
  6 adders
  A gnoll (D:5)
  7 orcs
  13 ball pythons
  5 bats
  9 endoplasms
  6 giant cockroaches
  10 goblins
  5 hobgoblins
  4 jackals (D:2)
  8 kobolds
  3 quokkas (D:4)
  3 frilled lizards
  5 rats
96 creatures vanquished.

Vanquished Creatures (others)
  105 foxfires
  5 plants (D:2)
110 creatures vanquished.

Grand Total: 206 creatures vanquished

Notes
Turn   | Place    | Note
-------+----------+-------------------------------------------
     0 | D:1      | Ge0ff the Ghoul Fire Elementalist began the quest for the
                  | Orb.
     0 | D:1      | Reached XP level 1. HP: 14/14 MP: 2/2
    65 | D:1      | Reached skill level 1 in Conjurations
   183 | D:1      | Reached XP level 2. HP: 20/20 MP: 2/4
   684 | D:1      | Reached XP level 3. HP: 26/26 MP: 1/5
   805 | D:1      | Learned a level 2 spell: Scorch
  1473 | D:2      | Identified the +7 whip of the Horn {vamp, *Noise rPois rC+
                  | Str+5}
  1822 | D:2      | Identified the +7 short sword of Megalomania {flame, rN+}
  2100 | D:2      | Reached skill level 1 in Fighting
  2100 | D:2      | Reached skill level 1 in Maces & Flails
  2100 | D:2      | Reached XP level 4. HP: 33/35 MP: 6/6
  2326 | D:3      | Reached skill level 1 in Short Blades
  2341 | D:3      | Reached XP level 5. HP: 24/41 MP: 7/7
  2875 | D:3      | Reached skill level 2 in Short Blades
  3506 | D:4      | Noticed Dowan
  3511 | D:4      | Noticed Duvessa
  3522 | D:3      | Reached skill level 3 in Short Blades
  3522 | D:3      | Reached XP level 6. HP: 42/51 MP: 8/8
  3925 | D:4      | Killed Dowan
  3926 | D:4      | Reached skill level 4 in Short Blades
  4364 | D:4      | Noticed a water moccasin
  4381 | D:4      | Killed a water moccasin
  4382 | D:4      | Reached skill level 5 in Short Blades
  4382 | D:4      | Reached XP level 7. HP: 21/57 MP: 9/9
  4697 | D:4      | Found a staircase to the Ecumenical Temple.
  4722 | D:4      | Found a hazy altar of Hepliaklqana.
  4726 | D:4      | Found a broken altar of Ashenzari.
  4727 | D:4      | Found a hide-covered altar of Uskayaw.
  4727 | D:4      | Found a burning altar of Makhleb.
  4731 | D:4      | Found a bloodstained altar of Trog.
  4735 | D:4      | Became a worshipper of Uskayaw the Reveller
  4926 | D:5      | Entered Level 5 of the Dungeon
  4932 | D:5      | Reached * piety under Uskayaw
  4975 | D:5      | Reached ** piety under Uskayaw
  4980 | D:5      | Reached skill level 1 in Invocations
  5029 | D:5      | Slain by a gnoll

Illustrated notes

Levels and vault maps discovered:
D:1:      dpeg_arrival_castle, layout_basic
D:2:      layout_loops_ring, minmay_shallow_snake_nest
D:3:      layout_loops_corners, palyth_stone_intersect
D:4:      wad_crossroads, layout_loops_ring, minitemple, grunt_ministairs_2,
          chequers_serial_rivers_small_b, minmay_tree_intersection, uniq_duvessa
D:5:      layout_basic, dk_yredelemnul_ordeal, kennysheep_crisscross,
          dilly_guarded_unrand_throatcut, uniq_ijyb

Skill      XL: |  1  2  3  4  5  6  7 |
---------------+----------------------+-----
Conjurations   | 1 2 |  2.0
Spellcasting   | 2 |  2.0
Fire Magic     | 3 |  3.0
Fighting       | 1 2 3 |  3.0
Maces & Flails | 1 |  1.0
Short Blades   | 1 3 5 |  5.8
Invocations    | 1 |  1.1
Dodging        | |  1.7
Stealth        | |  2.1

Action                   |  1- 3 |  4- 6 |  7- 9 || total
-------------------------+-------+-------+-------++-------
Melee: Unarmed           |    23 |       |       ||    23
       Punch             |     1 |       |       ||     1
       Whip              |    28 |   147 |    19 ||   194
       Dagger            |     3 |       |       ||     3
       Short sword       |       |     8 |     6 ||    14
 Cast: Foxfire           |    48 |     9 |       ||    57
  Use: Scroll            |       |     7 |     1 ||     8
       Potion            |       |     1 |     2 ||     3
 Stab: Distracted        |     1 |       |       ||     1
Armor: Robe              |    11 |       |       ||    11
       Ring mail         |     4 |    41 |     9 ||    54
Dodge: Dodged            |    48 |    68 |    17 ||   133
